 Dungeon Crawl Stone Soup version 0.23.0 (webtiles) character file.

Game seed: 16288668900012401741

1393 sighowe the Digger (level 8, -3/73 HPs)
             Began as a Deep Dwarf Earth Elementalist on Feb 13, 2019.
             Was a Follower of Zin.
             Slain by an ogre
             ... wielding a +0 giant club
              (22 damage)
             ... on level 6 of the Dungeon on Feb 14, 2019.
             The game lasted 00:27:09 (4969 turns).

sighowe the Digger (Deep Dwarf Earth Elementalist)  Turns: 4969, Time: 00:27:10

Health: -3/73      AC:  5    Str: 12    XL:     8   Next: 41%
Magic:  1/14       EV: 15    Int: 18    God:    Zin [*.....]
Gold:   122        SH:  0    Dex: 13    Spells: 7/16 levels left

rFire    . . .     SeeInvis .   j - +1 dagger (venom)
rCold    . . .     Gourm    .   (no shield)
rNeg     . . .     Faith    .   x - +0 robe (curse)
rPois    .         Spirit   .   l - +2 helmet
rElec    .         Reflect  .   (no cloak)
rCorr    .         Harm     .   (no gloves)
MR       +....                  (no boots)
Stlth    +++.......             i - amulet of rage
HPRegen  0.00/turn              (no ring)
MPRegen  0.14/turn              (no ring)

@: berserk cooldown, very slightly contaminated, non-regenerating, slowed, very
slow
A: damage resistance, heal wounds, sense surroundings 1, no regeneration
a: Heal Wounds, Recite, Donate Gold, Renounce Religion, Evoke Berserk Rage


You were on level 6 of the Dungeon.
You worshipped Zin.
Zin was aware of your devotion.
You were very hungry.

You visited 2 branches of the dungeon, and saw 7 of its levels.

You collected 273 gold pieces.
You donated 151 gold pieces to Zin.

Inventory:

Hand Weapons
 j - a +1 dagger of venom (weapon)
 B - a +0 short sword of holy wrath
Missiles
 D - 8 javelins
 F - 18 stones (quivered)
Armour
 c - a +0 robe
 l - a +2 helmet (worn)
 x - a cursed +0 robe (worn)
 A - the +4 chain mail of the Blind Marksman {rPois rCorr Str+4, unknown}
   (You found it on level 4 of the Dungeon)

   It affects your strength (+4).
   It protects you from poison.
   It provides partial protection from all sources of acid and corrosion.
Magical Staves
 C - an uncursed staff of summoning {unknown}
Jewellery
 i - an amulet of rage (around neck)
 w - an uncursed ring of protection from fire {unknown}
Wands
 s - a wand of flame (12)
Scrolls
 b - a scroll of enchant weapon {unknown}
 e - 4 scrolls of fog {unknown}
 f - a scroll of enchant armour {unknown}
 g - 4 scrolls of remove curse {unknown}
 n - a scroll of fear {unknown}
 o - 4 scrolls of immolation {unknown}
 p - a scroll of magic mapping {unknown}
 q - 4 scrolls of identify {unknown}
 u - 2 scrolls of blinking {unknown}
 y - a scroll of teleportation {unknown}
 z - a scroll of noise {unknown}
 E - a scroll of torment {unknown}
Potions
 a - 5 potions of curing {unknown}
 h - a potion of lignification {unknown}
 k - 2 potions of brilliance {unknown}
 m - a potion of degeneration {unknown}
 r - a potion of heal wounds {unknown}
 t - 2 potions of mutation {unknown}
 v - a potion of berserk rage {unknown}
Comestibles
 d - 9 rations
 G - a chunk of flesh


   Skills:
 * Level 4.5 Fighting
 * Level 6.1 Dodging
 + Level 5.0 Stealth
 * Level 4.6 Spellcasting
 - Level 0.8 Transmutations
 + Level 6.2 Earth Magic


You had 7 spell levels left.
You knew the following spells:

 Your Spells              Type           Power        Failure   Level  Hunger
a - Sandblast             Erth           ####..       1%          1    None
b - Passwall              Tmut/Erth      ###.....     4%          2    #......
c - Stone Arrow           Conj/Erth      ###...       12%         3    ###....
d - Magic Dart            Conj           #...         14%         1    None
e - Searing Ray           Conj           #.....       22%         2    #......

Your spell library contained the following spells:

 Spells                   Type           Power        Failure   Level  Hunger
 Lee's Rapid Deconstruct  Erth           ####......   30%         5    ######.
 Petrify                  Tmut/Erth      ###.....     32%         4    ####...
 Dazzling Spray           Conj/Hex       #.....       38%         3    ###....
 Force Lance              Conj/Tloc      #.......     80%         4    ####...
 Fulminant Prism          Conj/Hex       #.........   80%         4    ####...
 Iskenderun's Mystic Bla  Conj           #.......     80%         4    ####...


Dungeon Overview and Level Annotations

Branches:
Dungeon (6/15)             Temple (1/1) D:5

Altars:
Ashenzari
Cheibriados
Dithmenos
Fedhas
Gozag
Hepliaklqana
Nemelex Xobeh
Okawaru
Qazlal
Ru
Sif Muna
Trog
Uskayaw
Vehumet
Wu Jian
Yredelemnul
Zin
The Shining One

Annotations:
D:3 3 runed translucent doors, mandarbmax's ghost, amateur TeAM


Innate Abilities, Weirdness & Mutations

You are resistant to damage.
You can heal yourself by infusing magical energy.
You passively map a small area around you.
You do not regenerate.


Message History

The ogre shouts!
Casting: Sandblast (safe; 1% risk of failure)
Confirm with . or Enter, or press ? or * to list all spells.
Aiming: Sandblast (safe; 1% risk of failure)
Press: ? - help, Shift-Dir - straight line, f - ogre
Aim: an ogre, wielding a +0 giant club The blast of sand hits the ogre!
The ogre is heavily wounded.
F - 18 stones
Casting: Sandblast (safe; 1% risk of failure)
Confirm with . or Enter, or press ? or * to list all spells.
You don't have enough magic to cast that spell.
Casting: Sandblast (safe; 1% risk of failure)
Confirm with . or Enter, or press ? or * to list all spells.
Aiming: Magic Dart (safe; 14% risk of failure)
Press: ? - help, Shift-Dir - straight line, f/p - ogre
Aim: an ogre, wielding a +0 giant club (heavily wounded)
You miscast Magic Dart.
You feel a strange surge of energy!
The ogre hits you with a +0 giant club!!
You die...

, ≈ #.#<...... ** , *
#.######## ##+ **
#.##....#* .. #......##
*## ##.#####.#.÷..# ...
, ......#.#....#, ....
, #.##.#.#....#*
.....#####..#.#.#....#
,,
......O@......#.#....#*
.....##.†.)..†...>...#
, ... #.###.###.....##
# * #...........#'###*
######.##.......#
#.##.......#.
#.##.........
#..#......... *
##.#.........


You could see an ogre.

Vanquished Creatures
  3 sky beasts
  A centaur (D:6)
  2 ogres
  A bullfrog (D:6)
  A scorpion (D:5)
  3 howler monkeys
  4 crimson imps
  A bullfrog zombie (D:5)
  2 jellies
  A hound (D:4)
  3 orc wizards
  Ijyb (D:3)
  A worker ant (D:6)
  A hound skeleton (D:5)
  A mummy (D:4)
  5 gnolls
  8 adders
  A river rat (D:6)
  3 oozes
  2 worms (D:2)
  5 leopard geckos
  8 orcs
  4 giant cockroaches
  6 hobgoblins
  7 jackals
  9 kobolds
  2 quokkas
  A ball python (D:3)
  5 bats
  6 frilled lizards
  5 goblins
  2 kobold zombies (D:4)
  A leopard gecko skeleton (D:4)
  An orc zombie (D:4)
  13 rats
120 creatures vanquished.

Vanquished Creatures (others)
  A scorpion (D:5)
1 creature vanquished.

Grand Total: 121 creatures vanquished

Notes
Turn   | Place    | Note
-------+----------+-------------------------------------------
     0 | D:1      | sighowe the Deep Dwarf Earth Elementalist began the quest
                  | for the Orb.
     0 | D:1      | Reached XP level 1. HP: 15/15 MP: 3/3
   224 | D:1      | Reached XP level 2. HP: 22/24 MP: 0/5
  1039 | D:2      | Reached skill level 1 in Fighting
  1101 | D:2      | Reached XP level 3. HP: 26/31 MP: 2/6
  1178 | D:2      | Found a sparkling altar of Nemelex Xobeh.
  1607 | D:2      | Reached XP level 4. HP: 16/38 MP: 5/7
  1772 | D:3      | Noticed Ijyb
  1784 | D:3      | Killed Ijyb
  1968 | D:3      | Reached XP level 5. HP: 17/45 MP: 1/8
  2117 | D:3      | Found a runed translucent gate.
  2117 | D:3      | Found a runed translucent gate.
  2117 | D:3      | Found a runed translucent gate.
  2319 | D:3      | Learned a level 2 spell: Passwall
  2323 | D:3      | Learned a level 3 spell: Stone Arrow
  2571 | D:3      | Noticed mandarbmax's ghost (amateur TeAM)
  3105 | D:4      | Noticed an ogre
  3117 | D:4      | Killed an ogre
  3117 | D:4      | Reached skill level 5 in Earth Magic
  3117 | D:4      | Reached XP level 6. HP: 31/55 MP: 8/10
  3187 | D:4      | Got a translucent chain mail
  3820 | D:5      | Entered Level 5 of the Dungeon
  3947 | D:5      | Noticed a sky beast
  3962 | D:5      | Killed a sky beast
  4029 | D:5      | Reached XP level 7. HP: 49/62 MP: 6/12
  4061 | D:5      | Reached skill level 5 in Dodging
  4246 | D:5      | Found an iron altar of Okawaru.
  4249 | D:5      | Learned a level 1 spell: Magic Dart
  4252 | D:5      | Learned a level 2 spell: Searing Ray
  4396 | D:5      | Found a staircase to the Ecumenical Temple.
  4417 | Temple   | Entered the Ecumenical Temple
  4599 | Temple   | Became a worshipper of Zin the Law-Giver
  4599 | Temple   | Reached * piety under Zin
  4712 | D:6      | Donated 124 gold pieces to Zin
  4825 | D:6      | Found a glowing golden altar of the Shining One.
  4840 | D:6      | Reached XP level 8. HP: 44/72 MP: 7/14
  4957 | D:6      | Reached skill level 5 in Stealth
  4969 | D:6      | Slain by an ogre

Skill      XL: |  1  2  3  4  5  6  7  8 |
---------------+-------------------------+-----
Spellcasting   | 2 3 4 |  4.6
Fighting       | 1 2 3 4 |  4.5
Dodging        | 3 4 5 6 |  6.1
Stealth        | 3 4 5 |  5.0
Earth Magic    | 5 6 |  6.2
Transmutations | |  0.8

Action                   |  1- 3 |  4- 6 |  7- 9 || total
-------------------------+-------+-------+-------++-------
Melee: Unarmed           |    62 |       |       ||    62
       Dagger            |    10 |    42 |   140 ||   192
Throw: Javelin           |       |       |     4 ||     4
 Cast: Sandblast         |    47 |    76 |    22 ||   145
       Stone Arrow       |       |       |    16 ||    16
       Magic Dart        |       |       |     2 ||     2
Invok: Recite            |       |       |     3 ||     3
       Donate Gold       |       |       |     1 ||     1
 Abil: Heal Wounds       |       |     4 |     3 ||     7
       Evoke Berserk Rag |       |     1 |     3 ||     4
Evoke: Wand              |       |     1 |     1 ||     2
 Stab: Sleeping          |     3 |     4 |       ||     7
  Eat: Chunk             |     2 |     3 |     2 ||     7
       Ration            |       |     2 |     1 ||     3
Armor: Robe              |    15 |    14 |    37 ||    66
Dodge: Dodged            |    52 |    46 |   120 ||   218
